 Dungeon Crawl Stone Soup version bcrawl-1.37.1 (webtiles) character file.

Game seed: 10400664458334362069

305037 Morbidden the Chopper (level 8, 0/48 HPs)
             Began as a Skeleton Archaeologist on Oct 22, 2022.
             Was a Follower of Vehumet.
             Slain by a bullfrog (5 damage)
             ... on level 4 of the Dungeon.
             The game lasted 00:07:52 (4024 turns).

Morbidden the Chopper (Skeleton Archaeologist)      Turns: 4024, Time: 00:07:53

Health: 0/48       AC:  8    Str: 25    XL:     8   Next: 48%
Magic:  0/13       EV: 13    Int: 14    God:    Vehumet [*.....]
Gold:   328        SH:  0    Dex:  7    Spells: 14/14 levels left

rFire    . . .     GDR:     22% a - +1 war axe (freeze)
rCold    + + .     SeeInvis .   (no shield)
rNeg     + + +     Gourm    .   v - +0 troll leather armour
rPois    ∞         Faith    .   j - +2 hat
rElec    .         Spirit   +   (no cloak)
rCorr    .         Reflect  .   (no gloves)
MR       +....                  e - +1 pair of boots
Stlth    ++........             l - amulet of the acrobat
HPRegen  0.58/turn              h - ring of the Firefly {rC+ Str+6}
MPRegen  0.13/turn              (no ring)

@: no status effects
A: no food or potions, cold resistance 1, deterioration 1, negative energy
resistance 3, powered by death 1, torment resistance, unbreathing, magic shield,
sturdy frame 1, spell healing
a: Renounce Religion


You were on level 4 of the Dungeon.
You worshipped Vehumet.
Vehumet was aware of your devotion.
You were not hungry.

You visited 1 branch of the dungeon, and saw 5 of its levels.

You collected 328 gold pieces.

Inventory:

Hand Weapons
 a - a +1 war axe of freezing (weapon)
 b - a +0 blowgun
 k - a +3 hunting sling
 q - a +0 mace
Missiles
 f - 5 curare-tipped needles
 p - 364 poisoned needles
Armour
 e - a +1 pair of boots (worn)
 j - a +2 hat (worn)
 v - a +0 troll leather armour (worn)
Jewellery
 h - the ring of the Firefly (left hand) {rC+ Str+6}
   (You acquired it on level 4 of the Dungeon)

   [ring of strength]

   It affects your strength (+6).
   It protects you from cold.
 l - an amulet of the acrobat (around neck)
Wands
 t - a wand of paralysis (2)
Scrolls
 d - 3 scrolls of fear {unknown}
 g - 2 scrolls of magic mapping
 i - 3 scrolls of identify
 m - 5 scrolls of teleportation
 n - 4 scrolls of fog {unknown}
 o - a scroll of blinking {unknown}
 r - 2 scrolls of enchant weapon {unknown}
 s - 3 scrolls of remove curse {unknown}
 u - 2 scrolls of enchant armour {unknown}


   Skills:
 * Level 4.6 Fighting
 * Level 5.0(5.9) Axes
 * Level 4.6(5.6) Maces & Flails
 * Level 3.1 Armour
 * Level 4.9 Dodging
 + Level 4.4 Stealth
 * Level 3.8 Spellcasting
 * Level 3.1 Evocations


You had 14 spell levels left.
You didn't know any spells.
Your spell library was empty.

Dungeon Overview and Level Annotations

Branches:
Dungeon (5/12)             Temple (0/1) D:5

Altars:
Vehumet
Yredelemnul

Shops:
D:5 !

Annotations:
D:4 Grinder


Innate Abilities, Weirdness & Mutations

You do not eat or drink.
You are immune to poison.
Your flesh is cold resistant. (rC+)
Your body sometimes deteriorates upon taking damage.
You are immune to negative energy. (rN+++)
You regenerate a little health from kills.
You are immune to unholy pain and torment.
You can survive without breathing.
When hurt, damage is shared between your health and your magic reserves.
Your movements are slightly less encumbered by armour. (ER -2)
Casting spells heals you.


Message History

You slash Grinder!
Grinder is moderately wounded.
You barely miss the bullfrog. The bullfrog barely misses you.
Grinder blinks!
The bullfrog hits you.
No path to travel!
No path to travel!
You barely miss the bullfrog.
The bullfrog is severely wounded.
The bullfrog misses you.
You closely miss the bullfrog.
The bullfrog is severely wounded.
The bullfrog closely misses you. The bullfrog hits you!
* * * LOW HITPOINT WARNING * * *
No path to travel!
You closely miss the bullfrog.
The bullfrog is severely wounded.
The bullfrog hits you!
* * * LOW HITPOINT WARNING * * *
The bullfrog hits you!
You die...

................##....#.......[.<
........###..##.##....#.###......
##.....## ##.##.......#.#####.###
##.<###.###.######...##.##.......
....# ##.#.## #...##.##.#.....
....#####.########...##.##.#..###
....#.......#............<....##.
....#.###.....!............#.##..
...##.##..#.#..F@..5......##.##..
...##.##.##.######...#######.#...
#####.......# #...# #.....
####.#### #...# #..... #.## #...#
#..... #..# #...# #.....
#########.# ####.### ##....
......# #.# #......## ##...
.####.###.# #...#.#.## ###.


You could see Grinder and a bullfrog.

Vanquished Creatures
  A troll (D:5)
  A hippogriff (D:4)
  Menkaure (D:4)
  2 sky beasts
  An ogre (D:5)
  A centaur (D:5)
  3 scorpions
  3 crimson imps
  2 hounds (D:4)
  4 worker ants (D:4)
  A statue (D:4)
  A hound skeleton (D:5)
  A howler monkey skeleton (D:5)
  7 adders
  A shadow imp (D:5)
  3 oozes
  An adder zombie (D:3)
  6 worms
  3 dart slugs (D:1)
  5 leopard geckos
  4 orcs
  3 ball pythons
  A giant cockroach (D:3)
  4 goblins
  11 hobgoblins
  2 jackals
  3 quokkas (D:3)
  5 bats
  2 frilled lizards
  2 jackal skeletons (D:5)
  8 kobolds
  5 rats
98 creatures vanquished.

Notes
Turn   | Place    | Note
-------+----------+-------------------------------------------
     0 | D:1      | Morbidden the Skeleton Archaeologist began the quest for
                  | the Orb.
     0 | D:1      | Reached XP level 1. HP: 12/12 MP: 1/1
    43 | D:1      | Reached XP level 2. HP: 7/16 MP: 2/2
   283 | D:1      | Reached skill level 1 in Spellcasting
   360 | D:1      | Reached XP level 3. HP: 20/20 MP: 4/4
   962 | D:2      | Found a faded altar of an unknown god.
  1595 | D:3      | Reached XP level 4. HP: 25/25 MP: 5/5
  1726 | D:3      | Reached skill level 1 in Armour
  2494 | D:4      | Noticed a hippogriff
  2515 | D:4      | Killed a hippogriff
  2516 | D:4      | Reached skill level 1 in Axes
  2516 | D:4      | Reached skill level 1 in Evocations
  2516 | D:4      | Reached XP level 5. HP: 5/30 MP: 2/8
  2516 | D:4      | Gained mutation: You regenerate a little health from kills.
                  | [Skeleton growth]
  2516 | D:4      | Reached XP level 6. HP: 6/35 MP: 2/9
  2516 | D:4      | Identified a scroll of acquirement
  2516 | D:4      | Identified the ring of the Firefly {rC+ Str+6} (You
                  | acquired it on level 4 of the Dungeon)
  2804 | D:4      | Found a radiant altar of Vehumet.
  2824 | D:4      | Became a worshipper of Vehumet
  3066 | D:4      | Reached XP level 7. HP: 32/40 MP: 8/10
  3235 | D:4      | Reached skill level 2 in Axes
  3337 | D:4      | Found a basalt altar of Yredelemnul.
  3459 | D:5      | Entered Level 5 of the Dungeon
  3482 | D:5      | Found Wasurry's Distillery.
  3498 | D:5      | Noticed Menkaure
  3596 | D:4      | Killed Menkaure
  3597 | D:4      | Reached skill level 3 in Axes
  3676 | D:5      | Reached XP level 8. HP: 19/48 MP: 3/12
  3679 | D:5      | Reached skill level 4 in Axes
  3723 | D:5      | Noticed a troll
  3953 | D:5      | Reached * piety under Vehumet
  3953 | D:5      | Offered knowledge of Sandblast by Vehumet.
  3967 | D:5      | Killed a troll
  3993 | D:5      | Noticed Grinder
  3997 | D:5      | Found a staircase to the Ecumenical Temple.
  4000 | D:5      | Reached skill level 5 in Axes
  4024 | D:4      | Slain by a bullfrog

Skill      XL: |  1  2  3  4  5  6  7  8 |
---------------+-------------------------+-----
Spellcasting   | 1 2 3 |  3.8
Maces & Flails | 2 3 4 |  4.6
Stealth        | 4 |  4.4
Armour         | 2 3 |  3.1
Fighting       | 2 4 |  4.6
Axes           | 1 3 5 |  5.0
Dodging        | 4 |  4.9
Evocations     | 1 2 3 |  3.1

Action                   |  1- 3 |  4- 6 |  7- 9 || total
-------------------------+-------+-------+-------++-------
Melee: Whip              |   161 |    62 |       ||   223
       Mace              |       |    79 |       ||    79
       War axe           |       |    42 |    78 ||   120
 Fire: Blowgun           |       |    15 |    27 ||    42
Evoke: Wand              |       |       |     2 ||     2
  Use: Scroll            |     3 |     1 |     1 ||     5
 Stab: Sleeping          |     3 |     6 |     1 ||    10
       Paralysed         |       |       |     3 ||     3
Armor: Robe              |    61 |    52 |    32 ||   145
       Troll leather arm |       |       |     4 ||     4
Dodge: Dodged            |   120 |   112 |    72 ||   304
